 Dungeon Crawl Stone Soup version 0.31.0-11-ge490571c62 (webtiles) character file.

Game seed: 8816767545018939201

28 Doomgape the Trooper (level 3, -5/24 HPs)
             Began as a Gargoyle Fighter on Feb 7, 2024.
             Slain by a gnoll
             ... wielding a +2 spear of venom
              (7 damage)
             ... on level 2 of the Dungeon.
             The game lasted 00:01:10 (302 turns).

Doomgape the Trooper (Gargoyle Fighter)              Turns: 302, Time: 00:01:10

Health: -5/24      AC: 10    Str: 21    XL:     3   Next: 12%
Magic:  3/3        EV:  9    Int:  8    God:
Gold:   30         SH:  4    Dex:  9    Spells: 2/2 levels left

rFire   + . .        a - +1 flail
rCold   + . .        c - +0 buckler
rNeg    + . .        b - +0 scale mail
rPois   ∞            (no helmet)
rElec   +            (no cloak)
rCorr   +            (no gloves)
SInv    .            (no boots)
Will    .....        (no amulet) Stlth
                     (no ring)
HPRegen 0.24/turn    (no ring)
MPRegen 0.08/turn

%: no passive effects
@: mighty, resistant
A: sickness immunity, AC +3, negative energy resistance 1, electricity
resistance, torment resistance 1, petrification resistance
a: no special abilities


You were on level 2 of the Dungeon.
You visited 1 branch of the dungeon, and saw 2 of its levels.

You collected 30 gold pieces.

Inventory:

Hand Weapons
 a - a +1 flail (weapon)
Armour
 b - a +0 scale mail (worn)
 c - a +0 buckler (worn)
Wands
 f - a wand of mindburst (4)
Scrolls
 g - a scroll of amnesia {unknown}


   Skills:
 + Level 3.6 Fighting
 + Level 2.4 Maces & Flails
 + Level 3.6 Armour
 + Level 3.6 Shields


You had 2 spell levels left.
You didn't know any spells.
Your spell library was empty.

Dungeon Overview and Level Annotations

Branches:
Dungeon (1/15)

Altars:


Innate Abilities, Weirdness & Mutations

You are immune to sickness and miasma.
Your stone body is resilient. (AC +3)
You are immune to poison.
You resist negative energy. (rN+)
You are resistant to electric shocks. (rElec)
You are resistant to unholy torment.
You are immune to petrification.


Message History

You sock the hobgoblin!
You kill the hobgoblin!
The bat hits you but does no damage.
The gnoll hits you from afar with a +0 spear.
You have reached level 2!
You feel very mighty all of a sudden.
The gnoll hits you but does no damage. x2
Unknown command.
You closely miss the gnoll.
The gnoll hits you from afar with a +0 spear.
The gnoll hits you with a +0 club.
You barely miss the gnoll. The gnoll closely misses you.
The gnoll hits you with a +0 club. The gnoll hits you but does no damage.
Unknown command.
You sock the gnoll!
You kill the gnoll!
The bat hits you but does no damage.
The gnoll hits you from afar with a +0 spear.
Unknown command.
You hit the gnoll.
The gnoll is moderately wounded.
The gnoll completely misses you. The gnoll closely misses you.
The gnoll hits you from afar with a +2 spear of venom.
The gnoll hits you from afar with a +0 spear.
* * * LOW HITPOINT WARNING * * *
You block the gnoll's attack.
You bludgeon the gnoll!!
You kill the gnoll!
The bat hits you but does no damage. The gnoll closely misses you.
The gnoll hits you but does no damage. You block the gnoll's attack.
You have reached level 3!
Your experience leads to an increase in your attributes!
Increase (S)trength, (I)ntelligence, or (D)exterity?
You feel stronger. x2
Unknown command.
It was a potion of resistance.
You feel protected. The bat barely misses you.
The gnoll hits you but does no damage.
The gnoll hits you from afar with a +2 spear of venom!
You die...

...... ..... .#
...... ... ##.##
# ....###..
....##.
.......###..#...
#..##.†#.....#
#b.##....##.#
#$gg........#
##)##.#....##
#@##..#.#.#
#......[#.#
#####.###.. #.#
#.# #.# .# ##
#†# .# #. #.# .#
#) #.# #.# ###.
#.# #.# #...


You could see 2 gnolls and a bat.

Vanquished Creatures
  2 gnolls (D:2)
  A dart slug (D:2)
  A hobgoblin (D:2)
  2 kobolds (D:2)
  A frilled lizard (D:2)
7 creatures vanquished.

Notes
Turn   | Place    | Note
-------+----------+-------------------------------------------
     0 | D:1      | Doomgape the Gargoyle Fighter began the quest for the Orb.
     0 | D:1      | Reached XP level 1. HP: 14/14 MP: 1/1
     6 | D:1      | You fall into a shaft and drop 1 floor!
   296 | D:2      | Reached XP level 2. HP: 16/19 MP: 2/2
   302 | D:2      | Reached XP level 3. HP: 2/24 MP: 3/3
   302 | D:2      | Slain by a gnoll

Illustrated notes

Levels and vault maps discovered:
D:1:      minmay_arrival_semitransparent, layout_loops_ring
D:2:      layout_loops_ring, chequers_ecumenical_altar_lobes,
          minmay_heptomino_w4

Action                     || total
---------------------------++-------
  Melee: Flail             ||    24
    Use: Scroll            ||     1
         Potion            ||     2
 Armour: Scale mail        ||    32
  Dodge: Dodged            ||    11
  Block: Buckler           ||     5
